 Dungeon Crawl Stone Soup version bcrawl-1.13.1 (webtiles) character file.

Game seed: 14240776735125815192

284 Chiseanne the Charlatan (level 6, 43/47 HPs)
             Began as a Demonspawn Archaeologist on Aug 2, 2019.
             Quit the game on level 3 of the Dungeon.
             The game lasted 00:06:46 (3659 turns).

Chiseanne the Charlatan (Demonspawn Archaeologist)  Turns: 3659, Time: 00:06:47

Health: 43/47      AC:  9    Str: 11    XL:     6   Next: 7%
Magic:  11/11      EV: 11    Int: 16    God:
Gold:   285        SH:  0    Dex: 13    Spells: 5/5 levels left

rFire    . . .     SeeInvis .   a - +4 dagger (venom)
rCold    . . .     Gourm    .   (no shield)
rNeg     . . .     Faith    .   q - +0 ring mail
rPois    .         Spirit   .   c - +1 hat
rElec    .         Reflect  .   e - +0 cloak
rCorr    .         Harm     .   (no gloves)
MR       .....                  r - +1 pair of boots
Stlth    ++++......             p - amulet of rage
HPRegen  0.15/turn              (no ring)
MPRegen  0.12/turn              (no ring)

@: no status effects
A: antennae 1, demonic guardian 1, nightstalker 2
a: Evoke Berserk Rage


You were on level 3 of the Dungeon.
You were hungry.

You visited 1 branch of the dungeon, and saw 3 of its levels.

You collected 285 gold pieces.

Inventory:

Hand Weapons
 a - a +4 dagger of venom (weapon)
 d - a +2 quarterstaff of chaos
 f - the +3 Elemental Staff {rElec rF++ rC++ MR++ AC+5}

   It affects your AC (+5).
   It greatly protects you from fire.
   It greatly protects you from cold.
   It insulates you from electricity.
   It affects your resistance to hostile enchantments.
Missiles
 k - 172 bolts
 m - 133 poisoned needles
 n - 239 arrows
Armour
 c - a +1 hat (worn)
 e - a +0 cloak (worn)
 q - a +0 ring mail (worn)
 r - a +1 pair of boots (worn)
Jewellery
 p - an amulet of rage (around neck)
Wands
 j - a wand of flame (27)
Scrolls
 h - 4 scrolls of remove curse
Potions
 b - a potion of magic
 i - a potion of haste
 l - a potion of lignification {unknown}
 o - a potion of brilliance {unknown}
Comestibles
 g - 6 rations {!d}


   Skills:
 - Level 3.1 Fighting
   Level 0.8 Maces & Flails
 - Level 2.6 Dodging
 - Level 3.0 Stealth
 + Level 7.1 Evocations


You had 5 spell levels left.
You didn't know any spells.
Your spell library was empty.

Dungeon Overview and Level Annotations

Branches:
Dungeon (3/12)

Altars:
Kikubaaqudgha
Makhleb


Innate Abilities, Weirdness & Mutations

You have a pair of small antennae on your head.
A weak demonic guardian rushes to your aid.
You are significantly more attuned to the shadows.


Message History

Uppercase letters only, please.
You feel agile.
Your demonic ancestry asserts itself...
A pair of antennae grows on your head!
You feel sick.
Things that are here:
a +2 quarterstaff of chaos; a +0 cloak Wear which item? (? for menu, Esc to quit)
Okay, then.
You feel sick. x4
Your shadow imp disappears in a puff of smoke!
You feel sick. x2
You are no longer poisoned.
d - a +2 quarterstaff of chaos;
e - a +0 cloak Wear which item? (? for menu, Esc to quit)
You start putting on your armour.
You continue putting on your +0 cloak. x4
You finish putting on your +0 cloak.
Wield which item (- for none, * to show all)? (? for menu, Esc to quit)
Okay, then.
Done exploring.
Are you sure you want to abandon this character and quit the game? (Confirm with "yes".)

##### #..)#
#...# #.@.#
##'## #####
♣♣.♣
#...########
♣.♣♣
###.........
♣♣.♣
##########
♣.♣♣ # ♣♣.♣♣
###########
♣...♣♣
##.........#
♣....♣
#........#.#


There were no monsters in sight!

Vanquished Creatures
  A bullfrog (D:3)
  Crazy Yiuf (D:3)
  Jessica (D:2)
  An adder (D:2)
  A worm (D:2)
  3 dart slugs
  3 leopard geckos
  3 orcs (D:3)
  2 giant cockroaches
  10 hobgoblins
  6 kobolds
  2 ball pythons
  7 bats
  5 frilled lizards
  9 goblins
  2 rats (D:1)
57 creatures vanquished.

Vanquished Creatures (collateral kills)
  An ice beast (D:3)
1 creature vanquished.

Grand Total: 58 creatures vanquished

Notes
Turn   | Place    | Note
-------+----------+-------------------------------------------
     0 | D:1      | Chiseanne the Demonspawn Archaeologist began the quest for
                  | the Orb.
     0 | D:1      | Reached XP level 1. HP: 15/15 MP: 1/1
   641 | D:1      | Gained mutation: A weak demonic guardian rushes to your
                  | aid. [demonic ancestry]
   641 | D:1      | Reached XP level 2. HP: 18/22 MP: 2/2
  1410 | D:1      | Gained mutation: You are slightly more attuned to the
                  | shadows. [demonic ancestry]
  1410 | D:1      | Reached XP level 3. HP: 26/29 MP: 3/3
  1635 | D:2      | Found a burning altar of Makhleb.
  1839 | D:2      | Reached skill level 1 in Evocations
  1856 | D:2      | Reached skill level 2 in Evocations
  2376 | D:2      | Noticed Jessica
  2383 | D:2      | Killed Jessica
  2383 | D:2      | Reached skill level 3 in Evocations
  2383 | D:2      | Gained mutation: You are significantly more attuned to the
                  | shadows. [demonic ancestry]
  2383 | D:2      | Reached XP level 4. HP: 35/35 MP: 6/6
  2636 | D:3      | Reached skill level 4 in Evocations
  2765 | D:3      | Noticed an ice beast
  2781 | D:3      | Noticed a bullfrog
  2988 | D:3      | Found an ancient bone altar of Kikubaaqudgha.
  3042 | D:3      | Found a runed door.
  3301 | D:3      | Killed an ice beast
  3301 | D:3      | Reached skill level 6 in Evocations
  3301 | D:3      | Reached XP level 5. HP: 41/41 MP: 7/9
  3335 | D:3      | Reached skill level 7 in Evocations
  3624 | D:3      | Noticed Crazy Yiuf
  3632 | D:3      | Killed Crazy Yiuf
  3632 | D:3      | Gained mutation: You have a pair of small antennae on your
                  | head. [demonic ancestry]
  3632 | D:3      | Reached XP level 6. HP: 46/47 MP: 11/11
  3659 | D:3      | Quit the game

Skill      XL: |  1  2  3  4  5 |
---------------+----------------+-----
Fighting       | 2 3 |  3.1
Evocations     | 3 6 7 |  7.1
Maces & Flails | |  0.8
Dodging        | |  2.6
Stealth        | |  3.0

Action                   |  1- 3 |  4- 6 || total
-------------------------+-------+-------++-------
Melee: Whip              |    47 |       ||    47
       Dagger            |    94 |    46 ||   140
  Use: Scroll            |     7 |     3 ||    10
 Stab: Sleeping          |     7 |     5 ||    12
  Eat: Chunk             |     5 |     3 ||     8
Armor: Robe              |    15 |       ||    15
       Ring mail         |    29 |    14 ||    43
Dodge: Dodged            |    82 |    16 ||    98
